 Dungeon Crawl Stone Soup version 0.21-a0-522-ga8338f0 (webtiles) character file.

24167 KristoblXynda the Cleaver (level 12, -1/141 HPs)
             Began as a Green Draconian Gladiator on Dec 6, 2017.
             Was an Elder of Ashenzari.
             Slain by an orc warrior
             ... wielding a +0 short sword
              (23 damage)
             ... on level 1 of the Orcish Mines.
             The game lasted 00:33:59 (14426 turns).

KristoblXynda the Cleaver (DrGl)                   Turns: 14426, Time: 00:33:59

Health: -1/141     AC: 12    Str: 25    XL:     12   Next: 78%
Magic:  7/14       EV: 21    Int: 13    God:    Ashenzari [****..]
Gold:   769        SH:  6    Dex: 17    Spells: 17/25 levels left

rFire    + + .     SeeInvis +   z - +9 war axe "Beetlebane" {chop, rElec rC+++ MP-9}
rCold    + + +     Gourm    +   r - +0 buckler
rNeg     . . .     Faith    .   (armour unavailable)
rPois    +         Spirit   .   b - +0 hat (curse)
rElec    +         Reflect  .   n - +0 cloak of Perfidy {rElec rF+} (curse)
rCorr    +         Harm     .   K - +1 pair of gloves {archery} (curse)
MR       .....     Clarity  +   e - +0 pair of boots (curse)
Stlth    ..........             f - amulet of the gourmand
HPRegen  0.33/turn              C - ring of resist corrosion
MPRegen  0.14/turn              E - +3 ring of dexterity (curse)

@: berserking, short of breath, very slightly contaminated, very quick
A: breathe noxious fumes, unfitting armour, horns 1, talons 1, clever 1, fire
resistance 1, poison resistance, screaming 2, electricity resistance, strong 1,
cold-blooded, AC +8
a: Breathe Noxious Fumes, Curse Item, Scrying, Renounce Religion


You were on level 1 of the Orcish Mines.
You worshipped Ashenzari.
Ashenzari was greatly pleased with you.
You were not hungry.

You visited 3 branches of the dungeon, and saw 16 of its levels.
You also visited: Volcano.

You collected 1122 gold pieces.
You spent 353 gold pieces at shops.

Inventory:

Hand Weapons
 q - a +3 whip of freezing
 z - the +9 war axe "Beetlebane" (weapon) {chop, rElec rC+++ MP-9}
   (You found it on level 7 of the Dungeon)

   It inflicts extra damage upon your enemies.
   It renders you almost immune to cold.
   It insulates you from electricity.
   It affects your magic capacity (-9).
Missiles
 c - 2 throwing nets (quivered)
Armour
 b - a cursed +0 hat (worn)
 e - a cursed +0 pair of boots (worn)
 n - the cursed +0 cloak of Perfidy (worn) {rElec rF+}
   (You found it on level 5 of the Dungeon)

   It protects you from fire.
   It insulates you from electricity.
   It has a curse placed upon it.
 r - a +0 buckler (worn)
 K - a cursed +1 pair of gloves of archery (worn)
Jewellery
 f - an amulet of the gourmand (around neck)
 C - a ring of resist corrosion (left hand)
 E - a cursed +3 ring of dexterity (right hand)
Wands
 h - a wand of disintegration (8)
 y - a wand of iceblast (10)
 A - a wand of digging (11)
 J - a wand of paralysis (3)
Scrolls
 l - 2 scrolls of immolation
 p - a scroll of enchant armour
 w - a scroll of teleportation
Potions
 j - 4 potions of cancellation
 k - 5 potions of curing
 m - 7 potions of might
 t - 3 potions of agility
 u - a potion of flight
 v - 2 potions of invisibility
 x - 2 potions of resistance
 B - 3 potions of berserk rage
 I - 3 potions of ambrosia
Books
 o - a book of Minor Magic

   Spells                             Type                      Level
   a - Magic Dart                     Conjuration                  1
   b - Blink                          Translocation                2
   c - Call Imp                       Summoning                    2
   d - Slow                           Hexes                        2
   e - Conjure Flame                  Conjuration/Fire             3
   f - Mephitic Cloud                 Conjuration/Poison/Air       3
 D - a book of Flames

   Spells                             Type                      Level
   a - Flame Tongue                   Conjuration/Fire             1
   b - Throw Flame                    Conjuration/Fire             2
   c - Conjure Flame                  Conjuration/Fire             3
   d - Inner Flame                    Hexes/Fire                   3
   e - Sticky Flame                   Conjuration/Fire             4
   f - Fireball                       Conjuration/Fire             5
 F - a book of Misfortune

   Spells                             Type                      Level
   a - Confusing Touch                Hexes                        1
   b - Confuse                        Hexes                        3
   c - Gell's Gravitas                Translocation                3
   d - Petrify                        Transmutation/Earth          4
   e - Metabolic Englaciation         Hexes/Ice                    5
   f - Yara's Violent Unravelling     Hexes/Transmutation          5
 L - a book of Death

   Spells                             Type                      Level
   a - Corpse Rot                     Necromancy                   2
   b - Sublimation of Blood           Necromancy                   2
   c - Agony                          Necromancy                   5
   d - Dispel Undead                  Necromancy                   5
   e - Excruciating Wounds            Charms/Necromancy            5
   f - Bolt of Draining               Conjuration/Necromancy       5
Comestibles
 d - 10 bread rations
 g - 5 royal jellies
 i - 5 meat rations
 G - 18 fruits


   Skills:
 + Level 5.5 Fighting
 + Level 10.9 Axes
 - Level 5.1 Throwing
 - Level 8.1(11.6) Dodging
 - Level 7.4(10.9) Stealth
 - Level 5.3 Shields
 + Level 7.4 Spellcasting
 + Level 6.5 Conjurations
 - Level 5.4 Poison Magic
 - Level 5.5 Evocations


You had 17 spell levels left.
You knew the following spells:

 Your Spells              Type           Power        Failure   Level  Hunger
a - Mephitic Cloud        Conj/Pois/Air  ###.....     9%          3    ##.....
b - Fireball              Conj/Fire      ##........   71%         5    ######.


Dungeon Overview and Level Annotations

Branches:
Dungeon (13/15)            Temple (1/1) D:4            Lair (0/6) D:11
    Orc (2/2) D:11
    Elf: Orc:2       Vaults: D:13-14

Altars:
Ashenzari
Cheibriados
Dithmenos
Elyvilon
Fedhas
Gozag
Hepliaklqana
Kikubaaqudgha
Makhleb
Nemelex Xobeh
Okawaru
Qazlal
Ru
Sif Muna
Trog
Uskayaw
Vehumet
Wu Jian
Xom
Yredelemnul
Zin
The Shining One
Beogh

Shops:
D:8 ?!!(}   D:11 ?   D:12 *   Orc:2 *

Annotations:
D:6 Grinder
D:13 Rupert


Innate Abilities, Weirdness & Mutations

You can breathe blasts of noxious fumes.
Your lurid green scales are hard. (AC +8)
You cannot fit into any form of body armour.
Your system is resistant to poisons. (rPois)
You are cold-blooded and may be slowed by cold attacks.
You have a pair of small horns on your head.
You have sharp toenails.
Your mind is acute. (Int +2)
Your flesh is heat resistant. (rF+)
You sometimes yell uncontrollably at your foes.
You are resistant to electric shocks. (rElec)
Your muscles are strong. (Str +2)


Message History

The orc knight roars a battlecry!
The orc knight goes into a battle-frenzy!
You climb upwards.
There is a stone staircase leading down here.
Okay, then.
A red film seems to cover your vision as you go berserk!
You feel yourself moving faster!
You feel mighty! The warg misses you.
The orc warrior hits you but does no damage.
The warg barely misses you.
Unknown command.
You barely miss the orc warrior.
The orc warrior is moderately wounded.
You barely miss the warg. The orc warrior completely misses you.
You block the warg's attack.
You slice the warg!!
You kill the warg!
You barely miss the orc warrior.
The orc warrior no longer looks unusually strong.
The orc warrior hits you with a short sword!!
You die...

#########...## ##
##..##..#...#.## ###.
#..............# ##...
#..............# ###....
##....#.......### ##.#..##
##....##....#.#.###.....##
#................##..#....
#........†..............##
#........@....#..........#
##.#.....o...........##...
##................#.###..
#..............#....####
##...##............##
#.)...........#.###
##.)##.........##
##)..#.........#
#.............##


You could see an orc warrior.

Vanquished Creatures
  The ghost of Zooty the Martial Artist, a journeyman OpTm of Ru (Volcano)
  An ettin (Orc:1)
  A centaur warrior (D:13)
  7 two-headed ogres
  An unseen horror (D:12)
  The ghost of Soeti the Changer, a novice OpTm of Cheibriados (D:7)
  Pikel (D:7)
  3 salamanders (Volcano)
  The ghost of Daviar the Sneak, a novice OpMo of Wu Jian (D:6)
  An ugly thing (D:12)
  Joseph (D:7)
  A guardian serpent (D:11)
  A guardian serpent (shapeshifter) (D:13)
  An elephant (D:11)
  2 gargoyles
  An efreet (D:12)
  A red devil (Volcano)
  2 trolls
  3 hippogriffs
  A hornet (D:11)
  10 yaks
  2 wraiths
  2 wyverns
  5 fire bats
  A basilisk (D:13)
  3 hungry ghosts
  A warg (Orc:1)
  Edmund (D:4)
  A hell hound (Volcano)
  An ice beast (D:8)
  3 sky beasts
  7 orc warriors
  A phantom (D:9)
  A black bear (D:7)
  A slave (D:7)
  10 ogres
  A necrophage (D:10)
  10 centaurs
  2 crocodiles (D:11)
  3 big kobolds
  4 bullfrogs
  6 scorpions
  22 killer bees
  3 wights (D:10)
  An electric eel (D:11)
  9 crimson imps
  2 bullfrog zombies (D:12)
  7 hounds
  12 orc wizards
  Crazy Yiuf (D:7)
  11 orc priests
  3 centaur skeletons
  4 jellies
  A bullfrog skeleton (D:3)
  4 iguanas
  7 worker ants
  3 hound skeletons
  A worker ant zombie (D:10)
  17 adders
  3 gnolls (D:4)
  A howler monkey skeleton (D:6)
  2 shadow imps
  An adder zombie (D:5)
  3 adder skeletons
  6 worms
  6 dart slugs
  11 leopard geckos
  45 orcs
  5 ball pythons
  8 bats
  6 giant cockroaches
  8 goblins
  7 hobgoblins
  10 jackals
  19 kobolds
  4 quokkas
  5 frilled lizards
  A jackal zombie (D:5)
  3 leopard gecko skeletons
  A leopard gecko zombie (D:5)
  A quokka skeleton (D:4)
  A quokka zombie (D:8)
  6 rats
379 creatures vanquished.

Vanquished Creatures (others)
  A quokka (D:7)
  A fungus (Orc:2)
2 creatures vanquished.

Grand Total: 381 creatures vanquished

Notes
Turn   | Place    | Note
-------+----------+-------------------------------------------
     0 | D:1      | KristoblXynda the Draconian Gladiator began the quest for the Orb.
     0 | D:1      | Reached XP level 1. HP: 17/17 MP: 1/1
   178 | D:1      | Reached XP level 2. HP: 10/24 MP: 2/2
   511 | D:1      | Reached XP level 3. HP: 28/29 MP: 3/3
  1162 | D:2      | Reached XP level 4. HP: 28/36 MP: 4/4
  1522 | D:2      | Reached skill level 4 in Axes
  1536 | D:2      | HP: 2/54 [poisoned by an adder]
  1544 | D:2      | HP: 2/54 [poisoned by an adder]
  2234 | D:3      | Reached XP level 5. HP: 36/41 MP: 5/5
  3110 | D:4      | Found a staircase to the Ecumenical Temple.
  3118 | Temple   | Entered the Ecumenical Temple
  3145 | Temple   | Became a worshipper of Ashenzari the Shackled
  3300 | D:4      | Reached XP level 6. HP: 48/48 MP: 6/6
  3308 | D:4      | Learned a level 3 spell: Mephitic Cloud
  3465 | D:4      | Noticed Edmund
  3480 | D:4      | Killed Edmund
  3731 | D:4      | Reached skill level 5 in Axes
  3807 | D:4      | Your scales start taking on a lurid green colour.
  3807 | D:4      | Reached XP level 7. HP: 55/55 MP: 7/7
  3807 | D:4      | Gained mutation: Your system is resistant to poisons. (rPois) [Green Draconian growth]
  3885 | D:4      | Reached skill level 5 in Dodging
  4099 | D:4      | Reached * piety under Ashenzari
  4415 | D:5      | Entered Level 5 of the Dungeon
  4622 | D:5      | Got the cursed cloak of Perfidy {rElec rF+}
  4633 | D:5      | Identified the cursed +0 cloak of Perfidy {rElec rF+} (You found it on level 5 of the Dungeon)
  4712 | D:5      | Reached skill level 5 in Throwing
  4727 | D:5      | Reached skill level 6 in Axes
  4785 | D:5      | Reached XP level 8. HP: 56/61 MP: 8/8
  5017 | D:6      | Noticed Daviar's ghost (novice OpMo)
  5055 | D:6      | Killed Daviar's ghost
  5319 | D:6      | Reached skill level 7 in Axes
  5432 | D:6      | Found a shadowy altar of Dithmenos.
  5674 | D:6      | Noticed Grinder
  5677 | D:6      | Paralysed by Grinder for 7 turns
  5928 | D:7      | Noticed Soeti's ghost (novice OpTm)
  5976 | D:7      | Noticed Joseph
  5976 | D:7      | Reached XP level 9. HP: 67/67 MP: 11/11
  6008 | D:7      | Killed Joseph
  6028 | D:7      | Gained mutation: You occasionally shout uncontrollably at your foes. [mutagenic meat]
  6029 | D:7      | Gained mutation: Your mind is acute. (Int +2) [mutagenic meat]
  6030 | D:7      | Gained mutation: Your flesh is heat resistant. (rF+) [mutagenic meat]
  6031 | D:7      | Gained mutation: You have a pair of small horns on your head. [mutagenic meat]
  6032 | D:7      | Gained mutation: You are resistant to electric shocks. (rElec) [mutagenic meat]
  6033 | D:7      | Gained mutation: You have sharp toenails. [mutagenic meat]
  6356 | D:7      | Reached skill level 8 in Axes
  6360 | D:7      | Killed Soeti's ghost
  6360 | D:7      | Reached skill level 5 in Evocations
  6612 | D:7      | Noticed Pikel
  6623 | D:7      | Killed Pikel
  6894 | D:7      | Got the war axe "Beetlebane" {chop, rElec rC+++ MP-9}
  6895 | D:7      | Identified the +9 war axe "Beetlebane" {chop, rElec rC+++ MP-9} (You found it on level 7 of the Dungeon)
  7027 | D:7      | Found a runed door.
  7031 | D:7      | Noticed Crazy Yiuf
  7036 | D:7      | Killed Crazy Yiuf
  7179 | D:7      | Reached XP level 10. HP: 63/73 MP: 5/14
  7195 | D:7      | Reached skill level 9 in Axes
  7399 | D:8      | Noticed a two-headed ogre
  7408 | D:8      | Killed a two-headed ogre
  7408 | D:8      | Reached skill level 1 in Spellcasting
  7424 | D:8      | Found Efidiube's Gadget Shoppe.
  7480 | D:8      | Found Vofu's Antique Weapon Shop.
  7722 | D:8      | Found Poxaotusa's Distillery.
  7786 | D:8      | Found Bannudi's Magic Scroll Boutique.
  7950 | D:8      | Bought a scroll of identify for 28 gold pieces
  7950 | D:8      | Bought a scroll of remove curse for 42 gold pieces
  8013 | D:8      | Noticed a two-headed ogre
  8030 | D:8      | Killed a two-headed ogre
  8033 | D:8      | Found a hide-covered altar of Uskayaw.
  8037 | D:8      | Found Cunla's Distillery.
  8208 | D:8      | Noticed a two-headed ogre
  8220 | D:8      | Killed a two-headed ogre
  8220 | D:8      | Reached skill level 5 in Stealth
  8285 | D:8      | Reached skill level 10 in Axes
  8501 | D:9      | Reached ** piety under Ashenzari
  8531 | D:9      | Found Gompod's Distillery.
  8566 | D:9      | Reached skill level 1 in Conjurations
  8566 | D:9      | Reached skill level 1 in Poison Magic
  9282 | D:10     | Entered Level 10 of the Dungeon
  9328 | D:10     | Reached XP level 11. HP: 70/79 MP: 8/17
  9424 | D:10     | Noticed a two-headed ogre
  9438 | D:10     | Killed a two-headed ogre
  9438 | D:10     | Reached skill level 1 in Shields
  9594 | D:10     | Gained mutation: You sometimes yell uncontrollably at your foes. [mutagenic meat]
  9595 | D:10     | Gained mutation: Your muscles are strong. (Str +2) [mutagenic meat]
  9940 | D:11     | Found a staircase to the Orcish Mines.
  9968 | D:11     | Found Pezew's Magic Scroll Emporium.
 10232 | D:11     | Reached skill level 5 in Spellcasting
 10990 | D:11     | Found a staircase to the Lair.
 10990 | D:11     | Reached *** piety under Ashenzari
 11480 | D:12     | Noticed a two-headed ogre
 11492 | D:12     | Killed a two-headed ogre
 11492 | D:12     | Reached skill level 5 in Poison Magic
 11561 | D:12     | Noticed an unseen horror
 11562 | D:12     | Noticed a green ugly thing
 11604 | D:12     | Killed an unseen horror
 11617 | D:12     | Killed a green ugly thing
 11941 | D:12     | Found Vaoh's Assorted Antiques.
 11948 | D:12     | Bought a scroll of remove curse for 81 gold pieces
 11948 | D:12     | Bought a pair of glowing gloves for 202 gold pieces
 12096 | D:12     | Reached XP level 12. HP: 75/88 MP: 12/21
 12615 | D:13     | Noticed Rupert
 12893 | D:13     | Noticed a centaur warrior
 12899 | D:13     | Reached skill level 5 in Conjurations
 12905 | D:13     | Killed a centaur warrior
 12925 | D:13     | Reached skill level 5 in Shields
 13285 | Orc:1    | Entered Level 1 of the Orcish Mines
 13285 | Orc:1    | Found a roughly hewn altar of Beogh.
 13301 | Orc:1    | Noticed an ettin
 13324 | Orc:1    | Found a dark tunnel.
 13337 | Volcano  | Entered a volcano
 13431 | Volcano  | Learned a level 5 spell: Fireball
 13438 | Volcano  | Noticed a two-headed ogre
 13449 | Volcano  | Killed a two-headed ogre
 13485 | Volcano  | Noticed a two-headed ogre
 13485 | Volcano  | Killed a two-headed ogre
 13771 | Volcano  | Noticed Zooty's ghost (journeyman OpTm)
 13781 | Volcano  | Killed Zooty's ghost
 13781 | Volcano  | Reached skill level 5 in Fighting
 14139 | Orc:1    | Killed an ettin
 14392 | Orc:2    | Entered Level 2 of the Orcish Mines
 14393 | Orc:2    | Reached **** piety under Ashenzari
 14410 | Orc:2    | Found Loet's General Store.
 14426 | Orc:1    | Slain by an orc warrior

Vault maps used:
D:1:      wheals_arrival_linesprint
D:2:      minmay_tetromino_t4
D:4:      minmay_temple_entry_trees, first_bread, hangedman_decor_points,
          uniq_edmund
D:6:      lemuel_doored_altar, uniq_grinder
D:7:      uniq_pikel, uniq_crazy_yiuf_cottage, uniq_joseph
D:8:      basic_altar, serial_shops, nicolae_shop_stone, kennysheep_little_box,
          shop_fountains, shop, shop
D:9:      serial_shops, shop
D:10:     serial_glass, glass_columns_a, glass_columns_b, blue_anna_alchemist
D:11:     david_lair_generic, serial_shops, shop_scrolls,
          nrook_guardian_serpent_double
D:12:     serial_shops, shop
D:13:     uniq_rupert, uniq_kirke
Temple:   compressed_dpeg_circular_temple
Orc:1:    nicolae_volcano_entry_batcave, basic_altar
Orc:2:    grunt_orc_gardens, grunt_orc_garden, grunt_orc_garden,
          grunt_orc_garden, grunt_orc_garden, uniq_donald, uniq_sonja
Volcano:  volcano_village

Skill      XL: |  1  2  3  4  5  6  7  8  9 10 11 12 |
---------------+-------------------------------------+-----
Throwing       | 2 3 4 5 |  5.1
Dodging        | 3 4 5 6 8 |  8.1
Axes           | 4 5 6 7 8 10 | 10.9
Evocations     | 3 5 |  5.5
Stealth        | 2 5 7 |  7.4
Spellcasting   | 4 6 7 |  7.4
Conjurations   | 1 4 6 |  6.5
Poison Magic   | 1 5 |  5.4
Shields        | 4 5 |  5.3
Fighting       | 5 |  5.5

Action                   |  1- 3 |  4- 6 |  7- 9 | 10-12 || total
-------------------------+-------+-------+-------+-------++-------
Melee: War axe           |   110 |   121 |    12 |   510 ||   753
       Tailslap          |     8 |    18 |    21 |    77 ||   124
       Hand axe          |       |    48 |   310 |       ||   358
       Unarmed           |       |       |     2 |       ||     2
       Kick              |       |       |    13 |    16 ||    29
       Headbutt          |       |       |     9 |    99 ||   108
       Whip              |       |       |     7 |       ||     7
Throw: Javelin           |       |     5 |    10 |     3 ||    18
       Throwing net      |       |     1 |       |       ||     1
 Cast: Mephitic Cloud    |       |       |       |     5 ||     5
Invok: Curse Item        |       |       |       |     4 ||     4
 Abil: Breathe Noxious F |       |       |     5 |    12 ||    17
Evoke: Wand              |       |       |       |    12 ||    12
       Sack of spiders   |       |       |       |     2 ||     2
  Use: Potion            |       |     2 |     4 |     4 ||    10
       Scroll            |       |     1 |     9 |    16 ||    26
 Stab: Sleeping          |     1 |     2 |     2 |    10 ||    15
       Confused          |       |       |       |     6 ||     6
       Distracted        |       |       |       |     1 ||     1
  Eat: Chunk             |     1 |     8 |    12 |    15 ||    36
       Fruit             |       |     1 |     5 |    10 ||    16
       Royal jelly       |       |       |     1 |     1 ||     2
       Meat ration       |       |       |       |     1 ||     1
Armor: Skin              |    42 |    65 |   123 |   104 ||   334
Dodge: Dodged            |   110 |   143 |   213 |   438 ||   904
Block: Buckler           |       |       |       |   108 ||   108

Table legend:
 A = Spawn XP
 B = Non-spawn XP
 C = Spawn XP percentage of total XP
 D = Spawn monster count
 E = Non-spawn monster count
 F = Spawn count percentage of total count
 G = Total turns spent on level
                    A         B        C        D         E        F      G
               +---------+---------+-------+---------+---------+-------+---------
         Total |       0 |   34525 |   0.0 |       0 |     379 |   0.0 | 14426
               +---------+---------+-------+---------+---------+-------+---------
           D:1 |       0 |      68 |   0.0 |       0 |      32 |   0.0 |  1015
           D:2 |       0 |     106 |   0.0 |       0 |      27 |   0.0 |  1186
           D:3 |       0 |     199 |   0.0 |       0 |      26 |   0.0 |   909
           D:4 |       0 |     641 |   0.0 |       0 |      23 |   0.0 |  1191
           D:5 |       0 |     476 |   0.0 |       0 |      29 |   0.0 |   594
           D:6 |       0 |    1168 |   0.0 |       0 |      22 |   0.0 |   920
           D:7 |       0 |    3172 |   0.0 |       0 |      35 |   0.0 |  1441
           D:8 |       0 |    3697 |   0.0 |       0 |      21 |   0.0 |  1074
           D:9 |       0 |    1288 |   0.0 |       0 |      22 |   0.0 |   838
          D:10 |       0 |    2110 |   0.0 |       0 |      24 |   0.0 |   598
          D:11 |       0 |    4840 |   0.0 |       0 |      36 |   0.0 |  1604
          D:12 |       0 |    5397 |   0.0 |       0 |      38 |   0.0 |  1177
          D:13 |       0 |    3860 |   0.0 |       0 |      17 |   0.0 |   624
         Orc:1 |       0 |    2646 |   0.0 |       0 |      17 |   0.0 |   363
       Volcano |       0 |    4857 |   0.0 |       0 |      10 |   0.0 |   747
               +---------+---------+-------+---------+---------+-------+---------
